 Dungeon Crawl Stone Soup version 0.20.1-1-g8b1a95d (webtiles) character file.

114 Linguinho the Shield-Bearer (level 4, 0/35 HPs)
             Began as a Demonspawn Fighter on Nov 12, 2017.
             Slain by Terence
             ... wielding a +2 short sword of venom
              (2 damage)
             ... on level 3 of the Dungeon.
             The game lasted 00:03:02 (1616 turns).

Linguinho the Shield-Bearer (Demonspawn Fighter)    Turns: 1616, Time: 00:03:03

Health: 0/35       AC:  9    Str: 23    XL:     4   Next: 66%
Magic:  4/4        EV:  5    Int:  9    God:
Gold:   136        SH: 14    Dex: 12    Spells: 3/3 levels left

rFire    . . .     SeeInvis .   a - +0 war axe
rCold    . . .     Gourm    .   r - +0 large shield
rNeg     . . .     Faith    .   b - +0 scale mail
rPois    .         Spirit   .   (helmet restricted)
rElec    .         Reflect  .   (no cloak)
rCorr    .         Harm     .   (no gloves)
MR       .....                  l - +1 pair of boots
Stlth    +.........             (no amulet)
Regen    0.2/turn               j - ring of stealth
MPRegen  0.1/turn               p - ring of flight

@: mighty, lethally poisoned (0 -> -11)
A: horns 2
a: Evoke Flight


You were on level 3 of the Dungeon.
You were very hungry.

You visited 1 branch of the dungeon, and saw 3 of its levels.

You collected 136 gold pieces.

Inventory:

Hand Weapons
 a - a +0 war axe (weapon)
Armour
 b - a +0 scale mail (worn)
 l - a +1 pair of boots (worn)
 r - a +0 large shield (worn)
Jewellery
 j - a ring of stealth (left hand)
 p - a ring of flight (right hand)
 v - an uncursed ring of stealth
Scrolls
 i - 5 scrolls of remove curse {unknown}
 m - 3 scrolls of teleportation {unknown}
 q - 3 scrolls of identify {unknown}
 s - 5 scrolls of amnesia {unknown}
 t - 2 scrolls of magic mapping {unknown}
 u - a scroll of blinking {unknown}
 w - a scroll of enchant armour {unknown}
 x - a scroll of fog {unknown}
 y - a scroll of noise {unknown}
Potions
 c - a potion of curing {unknown}
 d - 2 potions of might
 e - a potion of haste {unknown}
 h - a potion of flight {unknown}
 n - 2 potions of lignification {unknown}
 o - a potion of invisibility {unknown}
Comestibles
 f - 3 bread rations
 g - 2 royal jellies
 k - a meat ration


   Skills:
 + Level 3.3 Fighting
 + Level 3.0 Axes
 + Level 3.2 Armour
 + Level 0.6 Dodging
 + Level 3.4 Shields


You had 3 spell levels left.
You didn't know any spells.

Dungeon Overview and Level Annotations

Branches:
Dungeon (3/15)

Altars:

Annotations:
D:3 Terence


Innate Abilities, Weirdness & Mutations

You have a pair of horns on your head.


Message History

You feel sick.
The quokka moves out of view.
Terence hits you but does no damage. You block the orc's attack.
You closely miss Terence. You headbutt Terence, but do no damage.
Terence is heavily wounded.
You barely miss the orc.
You are feeling very hungry.
* * * LOW HITPOINT WARNING * * *
You feel sick. You block Terence's attack. You block the orc's attack.
You feel very mighty all of a sudden.
* * * LOW HITPOINT WARNING * * *
You feel sick. Terence hits you but does no damage. You block the orc's attack.
You hit Terence.
Terence is severely wounded.
Your shield and scale mail prevent you from hitting the orc.
* * * LOW HITPOINT WARNING * * *
You feel sick. Terence hits you but does no damage.
The orc hits you but does no damage. Terence screams, "I want your blood!"
Terence hits you with a short sword of venom.
You die...

#.....##.###.#
##.....##..##.#
##.....####..#.#
.......#####...# .
......[.<.####.# ...
.(.......>.##..######...#
............#..##.....#
............#..##.##..#
............#..o@.# ##
...............@###
.............#...
............##...#
............##.#.#
....#.....#.##.#..
.##.#####......#... ###.#
.....# ... ....# .....#


You could see Terence and an orc.

Vanquished Creatures
  2 adders (D:2)
  2 oozes
  A dart slug (D:2)
  A leopard gecko (D:3)
  2 orcs (D:3)
  6 giant cockroaches
  8 hobgoblins
  2 jackals (D:1)
  12 kobolds
  5 quokkas
  A ball python (D:2)
  15 bats
  2 frilled lizards
  10 goblins
  7 rats
76 creatures vanquished.

Notes
Turn   | Place    | Note
-------+----------+-------------------------------------------
     0 | D:1      | Linguinho the Demonspawn Fighter began the quest for the Orb.
     0 | D:1      | Reached XP level 1. HP: 18/18 MP: 1/1
   453 | D:1      | Gained mutation: You have a pair of small horns on your head. [demonic ancestry]
   453 | D:1      | Reached XP level 2. HP: 24/24 MP: 2/2
   757 | D:2      | Reached XP level 3. HP: 28/29 MP: 3/3
  1004 | D:2      | Gained mutation: You have a pair of horns on your head. [demonic ancestry]
  1004 | D:2      | Reached XP level 4. HP: 21/35 MP: 4/4
  1595 | D:3      | Noticed Terence
  1616 | D:3      | Slain by Terence

Skill      XL: |  1  2  3  4 |
---------------+-------------+-----
Axes           | 2 3 |  3.0
Armour         | 3 |  3.2
Shields        | 3 |  3.4
Fighting       | |  3.3
Dodging        | |  0.6

Action                   |  1- 3 |  4- 6 || total
-------------------------+-------+-------++-------
Melee: War axe           |   125 |   120 ||   245
       Headbutt          |    19 |    22 ||    41
  Use: Potion            |       |     1 ||     1
  Eat: Chunk             |       |     2 ||     2
Armor: Scale mail        |    97 |    42 ||   139
Dodge: Dodged            |    38 |    18 ||    56
Block: Shield            |    44 |       ||    44
       Large shield      |    73 |   106 ||   179
